 Dungeon Crawl Stone Soup version 0.15-b1-75-g4bcc167 (webtiles) character file.

367 Broswagonist the Grave Robber (level 6, -2/43 HPs)
             Began as a Demonspawn Necromancer on Aug 15, 2014.
             Killed from afar by a steam dragon (13 damage)
             ... with a ball of steam
             ... on Level 4 of the Dungeon.
             The game lasted 00:23:47 (3969 turns).

Broswagonist the Grave Robber (DsNe)                Turns: 3969, Time: 00:23:49

HP  -2/43        AC  3     Str  9      XL: 6   Next: 41%
MP   3/15        EV 12     Int 18      God:
Gold 138         SH  0     Dex 13      Spells:  5 memorised,  1 level left

rFire  . . .     SeeInvis .     q - -3 dagger (curse)
rCold  . . .     Clarity  .     a - +1 robe
rNeg   . . .     rCorr    .     (no shield)
rPois  .         rRot     +     (no helmet)
rElec  .         Spirit   .     (no cloak)
SustAb .         Warding  .     (no gloves)
rMut   .         Stasis   .     (no boots)
Gourm  .                        (no amulet)
MR     .....                    (no ring)
                                (no ring)

@: very slightly contaminated, not resistant to hostile enchantments, fairly
stealthy
A: hooves 1, nightstalker 1, rot immunity
a: no special abilities


You were on level 4 of the Dungeon.
You were not hungry.

You visited 1 branch of the dungeon, and saw 4 of its levels.

You collected 138 gold pieces.

Inventory:

Hand weapons
 k - a +2 hand axe of chopping
 q - a cursed -3 dagger (weapon)
Armour
 a - a +1 robe (worn)
Comestibles
 c - 5 bread rations
 f - 2 beef jerkies
 i - a meat ration
 p - a chunk of goblin flesh
Scrolls
 d - a scroll of noise
 g - a scroll of recharging
 h - 3 scrolls of identify
Jewellery
 m - an uncursed amulet of stasis {unknown}
Potions
 e - 2 potions of brilliance {unknown}
 j - a potion of cancellation {unknown}
 l - a potion of poison {unknown}
 n - a potion of agility {unknown}
 o - 2 potions of curing
Books
 b - a book of Necromancy

   Spells                             Type                      Level
   *Pain                              Necromancy                   1
   *Animate Skeleton                  Necromancy                   1
   *Vampiric Draining                 Necromancy                   3
   *Regeneration                      Charms/Necromancy            3
   *Animate Dead                      Necromancy                   4
   Control Undead                     Necromancy                   4


   Skills:
 + Level 1.0 Fighting
 + Level 2.4 Dodging
 + Level 2.3 Stealth
 + Level 4.0 Spellcasting
 + Level 6.6 Necromancy


You had one spell level left.
You knew the following spells:

 Your Spells              Type           Power        Failure   Level  Hunger
a - Pain                  Necr           ####         1%          1    None
r - Regeneration          Chrm/Necr      ###.......   14%         3    ###....
x - Vampiric Draining     Necr           ####......   2%          3    ###....
z - Animate Skeleton      Necr           N/A          1%          1    None
Z - Animate Dead          Necr           N/A          12%         4    ####...


Dungeon Overview and Level Annotations

Branches:
Dungeon (4/15)
 Temple: D:4-7

Altars:
Cheibriados
Qazlal
Yredelemnul

Shops:
D:4 %


Innate Abilities, Weirdness & Mutations

You have large cloven feet.
You are slightly more attuned to the shadows.
You are immune to rotting.


Message History

Aiming: Vampiric Draining
Press: ? - help, Shift-Dir - straight line, f/p - steam dragon
Aim: a steam dragon (heavily wounded)
The steam dragon is severely wounded.
You feel life coursing into your body.
You are engulfed in a cloud of scalding steam.
* * * LOW HITPOINT WARNING * * *
The steam dragon closely misses you. x2
Casting: Vampiric Draining
Confirm with . or Enter, or press ? or * to list all spells.
Aiming: Vampiric Draining
Press: ? - help, Shift-Dir - straight line, f/p - steam dragon
Aim: a steam dragon (severely wounded)
You miscast Vampiric Draining.
The world around you seems to dim momentarily.
You are engulfed in a cloud of scalding steam.
* * * LOW HITPOINT WARNING * * *
The steam dragon breathes steam at you. The ball of steam hits you!
You die...

#............# #.#
#..###...###.###.#
#..# #...##....#.###
#..# #...##..#.#.#..
##..###...##......#.#
#.(.................#
###.########.####...#
#Z########.#......#
#Z@D....ZZ.#......#
############......#
#................#
#.########.#.#...#
#.#..........#....
#.#........####..#
#.#############...
#.# #........ #.#
#.####...


You could see a steam dragon, a friendly ball python zombie, a friendly hound
zombie, a friendly bat skeleton and a friendly goblin skeleton.

Vanquished Creatures
  A scorpion (D:4)
  A hound (D:4)
  An orc priest (D:4)
  2 orc wizards (D:4)
  2 worker ants (D:4)
  6 adders
  2 giant mites
  3 worms (D:2)
  An ooze (D:1)
  11 orcs
  4 bats
  2 giant cockroaches
  5 goblins
  9 hobgoblins
  A jackal (D:2)
  2 quokkas (D:4)
  2 ball pythons
  A giant newt (D:1)
  7 kobolds
  5 rats
68 creatures vanquished.

Vanquished Creatures (collateral kills)
  An adder (D:4)
  3 orcs (D:4)
  A jackal (D:1)
  2 kobolds
  2 rats
9 creatures vanquished.

Vanquished Creatures (others)
  4 adder skeletons
  A bat skeleton (D:1)
  A giant newt skeleton (D:1)
  2 goblin skeletons (D:4)
  A hobgoblin skeleton (D:2)
  A jackal skeleton (D:2)
  A kobold skeleton (D:2)
  5 orc skeletons (D:4)
  A rat skeleton (D:3)
17 creatures vanquished.

Grand Total: 94 creatures vanquished

Notes
Turn   | Place    | Note
--------------------------------------------------------------
     0 | D:1      | Broswagonist, the Demonspawn Necromancer, began the quest for the Orb.
     0 | D:1      | Reached XP level 1. HP: 13/13 MP: 3/3
    58 | D:1      | Learned a level 1 spell: Animate Skeleton
   300 | D:1      | Gained mutation: You are slightly more attuned to the shadows. [demonic ancestry]
   300 | D:1      | Reached XP level 2. HP: 13/19 MP: 1/4
  1170 | D:2      | Reached skill level 5 in Necromancy
  1536 | D:2      | Reached XP level 3. HP: 7/24 MP: 0/6
  1593 | D:2      | Learned a level 3 spell: Vampiric Draining
  1711 | D:2      | Found a snail-covered altar of Cheibriados.
  2244 | D:3      | Reached XP level 4. HP: 23/30 MP: 0/8
  2278 | D:2      | Found a basalt altar of Yredelemnul.
  2278 | D:2      | Found a stormy altar of Qazlal.
  2494 | D:3      | Learned a level 3 spell: Regeneration
  2787 | D:4      | Gained mutation: You have large cloven feet. [demonic ancestry]
  2787 | D:4      | Reached XP level 5. HP: 23/35 MP: 0/11
  2886 | D:4      | Reached skill level 6 in Necromancy
  3055 | D:4      | Found Rag Idel's Food Boutique.
  3442 | D:4      | Gained mutation: You are immune to rotting. [demonic ancestry]
  3442 | D:4      | Reached XP level 6. HP: 36/42 MP: 1/13
  3602 | D:4      | Learned a level 4 spell: Animate Dead
  3690 | D:4      | Noticed a steam dragon
  3813 | D:4      | Reached skill level 1 in Fighting
  3969 | D:4      | Killed from afar by a steam dragon

Action                   |  1- 3 |  4- 6 || total
-------------------------+-------+-------++-------
Melee: Unarmed           |     8 |       ||     8
       Club              |     9 |       ||     9
       Hand axe          |    19 |    27 ||    46
       Dagger            |       |    29 ||    29
 Cast: Pain              |    63 |    20 ||    83
       Animate Skeleton  |    14 |    15 ||    29
       Vampiric Draining |     5 |    37 ||    42
       Animate Dead      |       |     3 ||     3
  Use: Scroll            |     8 |     3 ||    11
       Potion            |     1 |     2 ||     3
 Stab: Sleeping          |     6 |     7 ||    13
  Eat: Fruit             |     5 |       ||     5
       Chunk             |     2 |     9 ||    11
